 Dungeon Crawl Stone Soup version 0.28.0-47-ge53b351184 (webtiles) character file.

Game seed: 16084682869180436086

1458 issech the Cudgeller (level 8, -10/70 HPs)
             Began as a Troll Fighter on May 1, 2022.
             Was a Follower of Hepliaklqana.
             Killed by divine providence
             ... invoked by an orc priest
              (12 damage)
             ... on level 7 of the Dungeon.
             The game lasted 00:18:09 (5134 turns).

issech the Cudgeller (Troll Fighter)                Turns: 5134, Time: 00:18:09

Health: -10/70     AC:  4    Str: 25    XL:     8   Next: 47%
Magic:  7/7        EV:  9    Int:  4    God:    Hepliaklqana [*.....]
Gold:   292        SH:  8    Dex: 11    Spells: 7/7 levels left

rFire   . . .      SeeInvis .   z - +2 mace (protect)
rCold   . . .      Faith    .   c - +0 kite shield
rNeg    . . .      Spirit   .   b - +0 robe
rPois   .          Reflect  .   (helmet restricted)
rElec   .          Harm     .   (no cloak)
rCorr   .          Rampage  .   (gloves unavailable)
Will    .....                   (boots unavailable)
Stlth   +.........              (no amulet)
HPRegen 1.01/turn               F - ring of flight
MPRegen 0.10/turn               (no ring)

@: flying
A: reduced essence, large, unfitting armour, claws 3, regeneration 1, shaggy fur
1, tough skin 1
a: Renounce Religion, Recall Ancestor, Ancestor Identity


You were on level 7 of the Dungeon.
You worshipped Hepliaklqana.
Hepliaklqana was aware of your devotion.
You visited 2 branches of the dungeon, and saw 8 of its levels.
You also visited: Ossuary.

You collected 340 gold pieces.
You spent 48 gold pieces at shops.

Inventory:

Hand Weapons
 h - a +2 whip of freezing
 z - a +2 mace of protection (weapon)
 C - a +3 vorpal spear
 D - a +0 giant spiked club
Missiles
 i - 72 arrows
 j - 153 stones
 m - 85 bolts
 s - 24 poisoned darts
 u - 4 boomerangs (quivered)
 y - 20 sling bullets
 J - a curare-tipped dart
Armour
 b - a +0 robe (worn)
 c - a +0 kite shield (worn)
Jewellery
 F - a ring of flight (left claw)
Wands
 a - a wand of polymorph (5)
 E - a wand of paralysis (8)
 G - a wand of flame (10)
Scrolls
 f - a scroll of amnesia
 g - a scroll of fog
 k - 3 scrolls of teleportation
 q - 4 scrolls of enchant armour
 w - 2 scrolls of identify
 H - 2 scrolls of magic mapping
 I - 2 scrolls of immolation
Potions
 d - 4 potions of might
 e - 2 potions of lignification {unknown}
 l - 2 potions of magic {unknown}
 n - 5 potions of curing
 o - a potion of haste {unknown}
 p - 4 potions of mutation {unknown}
 r - a potion of invisibility {unknown}
 t - 2 potions of flight {unknown}
 v - 3 potions of resistance {unknown}
 x - a potion of brilliance {unknown}
 A - 2 potions of heal wounds {unknown}
 B - a potion of cancellation {unknown}


   Skills:
 + Level 4.2 Fighting
 + Level 5.7 Maces & Flails
 + Level 2.2 Polearms
 + Level 0.2 Throwing
 + Level 4.4 Dodging
 + Level 0.5 Stealth
 + Level 4.7 Shields


You had 7 spell levels left.
You didn't know any spells.
Your spell library contained the following spells:

 Spells                   Type           Power      Damage    Failure   Level
 Apportation              Tloc           0%         N/A       78%         1
 Ozocubu's Armour         Ice            0%         N/A       98%         3
 Alistair's Intoxication  Tmut/Pois      0%         N/A       100%        5
 Metabolic Englaciation   Hex/Ice        0%         N/A       100%        5
 Simulacrum               Ice/Necr       0%         N/A       100%        6


Dungeon Overview and Level Annotations

Branches:
Dungeon (7/15)             Temple (1/1) D:5         Ossuary (visited)

Altars:
Ashenzari
Cheibriados
Dithmenos
Elyvilon
Fedhas
Gozag
Hepliaklqana
Makhleb
Nemelex Xobeh
Okawaru
Ru
Uskayaw
Vehumet
Wu Jian
Xom
Yredelemnul
Zin
The Shining One

Shops:
D:5 *


Innate Abilities, Weirdness & Mutations

Your life essence is reduced to manifest your ancestor. (-10% HP)
You are too large for most types of armour.
You have claws for hands.
Your natural rate of healing is unusually fast.
You are covered in fur. (AC +1)
You have tough skin. (AC +1)


Message History

Deactivating autopickup; reactivate with Ctrl-A.
Psammuthes barely misses the iguana.
The iguana bites you!
You bump into the rock wall.
The orc priest hits you with a +0 flail!
* * * LOW HITPOINT WARNING * * *
Psammuthes hits the iguana but does no damage.
The iguana closely misses you.
You hit the iguana but do no damage.
Your weapon exudes an aura of protection.
The iguana is moderately wounded.
The centaur closely misses you. The centaur kicks you.
* * * LOW HITPOINT WARNING * * *
The orc priest mumbles some strange prayers to Beogh against you.
Beogh smites you!
* * * LOW HITPOINT WARNING * * *
Psammuthes barely misses the iguana.
The iguana closely misses you. The centaur hits you.
* * * LOW HITPOINT WARNING * * *
The centaur kicks you.
* * * LOW HITPOINT WARNING * * *
The orc hits Psammuthes with a +0 mace.
You bump into the rock wall.
An orc warrior comes into view. It is wielding a +0 trident.
The centaur hits you but does no damage.
The centaur kicks you.
* * * LOW HITPOINT WARNING * * *
Psammuthes hits the iguana.
The iguana bites you but does no damage.
The orc closely misses Psammuthes.
You are too confused!
Unknown command.
You miss Psammuthes.
Psammuthes is moderately damaged.
You feel less confused.
The centaur hits you but does no damage.
The centaur kicks you.
* * * LOW HITPOINT WARNING * * *
The orc priest invokes the aid of Beogh against you.
Beogh smites you!
You die...

.......... ......... ###
..o...... #.# ...... . #
#.# ..... .# ####.# #..#
#..#
..)).###########oo#....#
###..##........Rlc..^#
###......#######@oo.##
..#..###.......#o.#.{#
........######....# ....
........# #.... o..
........# ##..#. ..
........# #..#.. #
####.#### ...# .. #.#
#### ### #.#


You could see the friendly Psammuthes the ancestor, an orc warrior, a centaur,
an iguana (ally target), an orc priest, an orc wizard and 3 orcs.

Vanquished Creatures
  A black bear (D:5)
  2 ogres
  A kobold brigand (D:7)
  3 elf zombies
  A scorpion (D:3)
  A water moccasin skeleton (D:4)
  A bullfrog zombie (D:5)
  A centaur zombie (D:5)
  2 human zombies (D:5)
  A gnoll shaman (D:5)
  3 hounds
  Jessica (D:2)
  A bullfrog skeleton (D:6)
  4 iguanas
  An orc wizard (D:4)
  A human skeleton (D:5)
  A killer bee zombie (D:5)
  A hound zombie (Ossuary)
  A hound skeleton (D:5)
  4 mummies (Ossuary)
  9 gnolls
  6 adders
  A white imp (D:5)
  3 ufetubi
  An adder skeleton (D:4)
  A worm (D:2)
  2 dart slugs
  9 orcs
  10 ball pythons
  7 endoplasms
  6 giant cockroaches
  A gnoll zombie (Ossuary)
  10 goblins
  6 hobgoblins
  2 jackals (D:2)
  10 kobolds
  A quokka (D:2)
  7 bats
  4 frilled lizards
  A goblin zombie (Ossuary)
  A hobgoblin zombie (Ossuary)
  A jackal zombie (Ossuary)
  3 kobold zombies (Ossuary)
  2 orc zombies (D:5)
  2 rats
  2 rat zombies (Ossuary)
140 creatures vanquished.

Vanquished Creatures (others)
  A plant (D:6)
1 creature vanquished.

Grand Total: 141 creatures vanquished

Notes
Turn   | Place    | Note
-------+----------+-------------------------------------------
     0 | D:1      | issech the Troll Fighter began the quest for the Orb.
     0 | D:1      | Reached XP level 1. HP: 22/22 MP: 0/0
   122 | D:1      | Reached XP level 2. HP: 29/29 MP: 1/1
   201 | D:1      | Reached skill level 2 in Maces & Flails
   441 | D:1      | Found a faded altar of an unknown god.
   740 | D:2      | Reached XP level 3. HP: 36/36 MP: 2/2
   762 | D:2      | Noticed Jessica
   780 | D:2      | Killed Jessica
   818 | D:2      | Reached XP level 4. HP: 44/44 MP: 3/3
  1145 | D:2      | Reached skill level 3 in Maces & Flails
  1655 | D:3      | Reached XP level 5. HP: 52/52 MP: 4/4
  2091 | D:4      | Found a burning altar of Makhleb.
  2166 | D:4      | Reached skill level 4 in Maces & Flails
  2187 | D:4      | Reached XP level 6. HP: 43/61 MP: 5/5
  2378 | D:4      | Found a sacrificial altar of Ru.
  2766 | D:5      | Entered Level 5 of the Dungeon
  2946 | D:5      | Reached XP level 7. HP: 67/68 MP: 6/6
  2965 | D:5      | Found a sand-covered staircase.
  3015 | Ossuary  | Entered an ossuary
  3037 | Ossuary  | Reached skill level 1 in Polearms
  3427 | Ossuary  | Identified a scroll of acquirement
  3498 | D:5      | Acquired a +2 mace of protection
  3559 | D:5      | Found a staircase to the Ecumenical Temple.
  3564 | Temple   | Entered the Ecumenical Temple
  3629 | Temple   | Became a worshipper of Hepliaklqana the Forgotten
  3770 | D:5      | Reached skill level 5 in Maces & Flails
  3953 | D:5      | Reached XP level 8. HP: 77/78 MP: 7/7
  4098 | D:5      | Found Xiruny's Assorted Antiques.
  4104 | D:5      | Bought a scroll labelled QASOEMUHEV for 24 gold pieces
  4104 | D:5      | Bought a scroll labelled JIAS CADOGACU for 24 gold pieces
  4393 | D:6      | Found an iron altar of Okawaru.
  4395 | D:6      | Found a shimmering altar of Xom.
  4395 | D:6      | Found a sparkling altar of Nemelex Xobeh.
  4602 | D:6      | Identified the +1 leather armour "Ykhloiru" {+Inv rC+ rN+
                  | Str+4}
  4786 | D:6      | Reached * piety under Hepliaklqana
  5132 | D:7      | HP: 2/70 [centaur (3)]
  5134 | D:7      | Killed from afar by an orc priest

Illustrated notes

Levels and vault maps discovered:
D:1:      lemuel_arrival_rhombus, layout_loops_ring,
          ebering_ecumenical_altar_mist
D:2:      layout_loops_cross, uniq_jessica
D:3:      layout_basic, minmay_misc_feat_enclosed
D:4:      layout_rooms, nicolae_ru_path_of_blood, nicolae_overflow_crystal_walls
D:5:      minmay_opposing_rooms, layout_loops_ring,
          minmay_temple_entry_steel_oval, nicolae_ossuary_entry_catacombs,
          serial_shops, nicolae_shop_hallway_plus, kennysheep_cross_room
D:6:      layout_rooms, gammafunk_temple_overflow_forgotten, chequers_jeans
D:7:      lemuel_ice_spiral_2, layout_rooms, uniq_joseph
Temple:   cyrus_circular_temple

Skill      XL: |  1  2  3  4  5  6  7 |
---------------+----------------------+-----
Maces & Flails | 2 3 4 5 |  5.7
Shields        | 3 4 |  4.7
Dodging        | 3 4 |  4.4
Fighting       | 3 4 |  4.2
Polearms       | 2 |  2.2
Throwing       | |  0.2
Stealth        | |  0.5

Action                   |  1- 3 |  4- 6 |  7- 9 || total
-------------------------+-------+-------+-------++-------
Melee: Whip              |    73 |   190 |       ||   263
       Flail             |     6 |       |       ||     6
       Spear             |       |    54 |    90 ||   144
       Mace              |       |       |   138 ||   138
Throw: Stone             |       |     1 |       ||     1
       Boomerang         |       |     1 |     4 ||     5
  Use: Scroll            |       |       |     8 ||     8
 Stab: Sleeping          |       |     1 |       ||     1
Armor: Robe              |    27 |    47 |    92 ||   166
Dodge: Dodged            |    31 |    89 |    90 ||   210
Block: Kite shield       |    36 |    86 |   120 ||   242
